 Dungeon Crawl Stone Soup version 0.26.1-11-gd32895ea62 (webtiles) character file.

Game seed: 13683440034109855554

15058 Gerhazo the Destroyer (level 11, -2/75 (91) HPs)
             Began as a Purple Draconian Conjurer on May 31, 2021.
             Was a High Priest of Vehumet.
             Slain by Rupert
             ... wielding a +3 great mace of draining
              (7 damage)
             ... on level 11 of the Dungeon.
             The game lasted 00:33:30 (16002 turns).

Gerhazo the Destroyer (Purple Draconian Conjurer)  Turns: 16002, Time: 00:33:30

HP:   -2/75 (91)    AC: 13    Str:  9    XL:     11   Next: 96%
MP:   1/23          EV: 14    Int: 27    God:    Vehumet [*****.]
Gold: 706           SH:  9    Dex: 11    Spells: 14/26 levels left

rFire    . . .     SeeInvis .   x - staff of conjuration
rCold    . . .     Faith    .   J - +0 buckler
rNeg     . . .     Spirit   .   (armour unavailable)
rPois    +         Reflect  +   R - +0 hat
rElec    .         Harm     .   P - +1 cloak
rCorr    .         Rampage  .   o - +2 pair of gloves
Will     +....                  C - +0 pair of boots
Stlth    ++........             N - amulet of reflection
HPRegen  0.22/turn              t - +6 ring of intelligence
MPRegen  0.18/turn              y - ring of poison resistance

@: short of breath, heavily drained
A: breathe power, unfitting armour, cold-blooded, AC +7
a: Breathe Dispelling Energy, Renounce Religion


You were on level 11 of the Dungeon.
You worshipped Vehumet.
Vehumet was extremely pleased with you.
You visited 2 branches of the dungeon, and saw 13 of its levels.
You also visited: Ossuary.

You collected 706 gold pieces.

Inventory:

Armour
 o - a +2 pair of gloves (worn)
 C - a +0 pair of boots (worn)
 J - a +0 buckler (worn)
 P - a +1 cloak (worn)
 R - a +0 hat (worn)
Magical Staves
 x - an uncursed staff of conjuration (weapon)
Jewellery
 t - a +6 ring of intelligence (left hand)
 y - a ring of poison resistance (right hand)
 N - an amulet of reflection (around neck)
Wands
 r - a wand of flame (25)
 w - a wand of paralysis (23)
 I - a wand of digging (6)
 L - a wand of acid (16)
 O - a wand of iceblast (10)
Scrolls
 c - a scroll of noise
 d - 4 scrolls of identify
 j - 2 scrolls of fear
 l - 8 scrolls of remove curse
 p - 2 scrolls of blinking
 q - 2 scrolls of fog
 s - a scroll of enchant armour
 u - a scroll of amnesia
 v - 8 scrolls of teleportation
 F - 4 scrolls of magic mapping
 Q - a scroll of enchant weapon
Potions
 b - 2 potions of invisibility {unknown}
 f - 3 potions of flight
 g - a potion of ambrosia {unknown}
 h - 3 potions of curing
 i - 2 potions of degeneration {unknown}
 k - 5 potions of haste
 m - 2 potions of cancellation {unknown}
 n - 3 potions of mutation {unknown}
 z - a potion of might {unknown}
 A - a potion of lignification
 B - a potion of magic {unknown}
 D - a potion of attraction {unknown}
 E - 3 potions of resistance
 G - 3 potions of heal wounds {unknown}
 H - a potion of berserk rage {unknown}
 M - a potion of brilliance {unknown}


   Skills:
 + Level 6.8 Fighting
 + Level 6.0 Dodging
 - Level 1.7 Stealth
 - Level 4.0 Shields
 - Level 8.2 Spellcasting
 * Level 13.6 Conjurations
 * Level 7.1 Fire Magic


You had 14 spell levels left.
You knew the following spells:

 Your Spells              Type           Power        Failure   Level
a - Magic Dart            Conj           100%         0%          1
b - Searing Ray           Conj           100%         1%          2
d - Iskenderun's Mystic   Conj/Tloc      64%          1%          4
f - Fireball              Conj/Fire      39%          1%          5

Your spell library contained the following spells:

 Spells                   Type           Power        Failure   Level
 Lee's Rapid Deconstruct  Erth           5%           34%         5
 Dazzling Flash           Conj/Hex       100%         1%          3
 Fulminant Prism          Conj/Hex       32%          1%          4
 Confusing Touch          Hex            11%          16%         3
 Gell's Gravitas          Tloc           5%           16%         3
 Yara's Violent Unravell  Hex/Tmut       5%           34%         5
 Petrify                  Tmut/Erth      11%          45%         4
 Metabolic Englaciation   Hex/Ice        5%           82%         5


Dungeon Overview and Level Annotations

Branches:
Dungeon (12/15)            Temple (1/1) D:7            Lair (0/6) D:8
    Orc (0/2) D:11        Ossuary (visited)

Altars:
Ashenzari
Cheibriados
Dithmenos
Elyvilon
Fedhas
Gozag
Hepliaklqana
Kikubaaqudgha
Makhleb
Nemelex Xobeh
Okawaru
Qazlal
Ru
Sif Muna
Trog
Uskayaw
Vehumet
Wu Jian
Xom
Yredelemnul
Zin
The Shining One
Beogh

Shops:
D:4 (=(   D:8 :

Annotations:
D:11 Rupert


Innate Abilities, Weirdness & Mutations

You can breathe bolts of dispelling energy.
Your rich purple scales are hard. (AC +7)
You cannot fit into any form of body armour.
You are cold-blooded and may be slowed by cold attacks.


Message History

You feel drained.
You climb upwards.
There is a stone staircase leading down here.
Rupert misses you.
Rupert hits you with a +3 great mace of draining!
* * * LOW HITPOINT WARNING * * *
You feel drained.
* * * LOW HITPOINT WARNING * * *
Casting: Fireball (dangerous; 1% risk of failure)
Confirm with . or Enter, or press ? or * to list all spells.
You feel a surge of power!
You erupt in a blast of force!
The mystic blast hits Rupert.
Rupert is severely wounded.
Rupert is knocked back by the mystic blast.
Unknown command.
Rupert rages.
Rupert hits you with a +3 great mace of draining!
* * * LOW HITPOINT WARNING * * *
You feel drained.
You die...

#.################..#########..
#...............##..#..........
###############.##..#.#######..
#...........# ##. #.##.##.###.#
#. #.##.##.# #.# #. #.##.##.#
#># #. #####.##.##.###.#######.
#......@@...#...........
#.#<####......#.#####.## ##.#.#
########.#####.##
####....####### #..#.......#
#....#........# #.#.#####..#
#.##....#####.# #.#.# #..#
#.###.#.# #.# #.#.# #..# #.#
#.#.#####.###.#.#####..# #.#
#.#.......).............


You could see Rupert (berserk).

Vanquished Creatures
  Gastronok (D:12)
  Erica (D:8)
  4 two-headed ogres
  An ugly thing (D:11)
  Maurice (D:8)
  A cyclops (D:12)
  A gargoyle (D:11)
  Grinder (D:5)
  2 wyverns
  2 wraiths (D:11)
  Eustachio (D:6)
  Sigmund (D:3)
  A yak (D:11)
  A hog (D:11)
  A human (D:11)
  Edmund (D:4)
  Duvessa (D:5)
  6 water moccasins
  2 sky beasts
  An ice beast (D:10)
  8 orc warriors
  6 ogres
  2 black bears (D:8)
  A wolf (D:5)
  3 centaurs
  3 big kobolds
  An elf zombie (Ossuary)
  3 gnoll sergeants
  11 bullfrogs
  Dowan (D:5)
  3 scorpions
  9 killer bees
  5 wights
  5 howler monkeys
  A quasit (D:9)
  4 bullfrog zombies
  A human zombie (Ossuary)
  Crazy Yiuf (D:4)
  3 gnoll shamans (D:5)
  7 hounds
  6 jellies
  10 orc priests
  Jessica (D:2)
  Ijyb (D:5)
  Natasha (thrice) (D:2)
  5 iguanas
  8 orc wizards
  8 worker ants
  A killer bee zombie (D:9)
  A big kobold zombie (Ossuary)
  2 hound zombies (Ossuary)
  3 hound skeletons
  4 mummies (Ossuary)
  15 adders
  30 gnolls
  2 shadow imps (D:6)
  3 white imps
  2 ufetubi
  3 oozes
  An adder skeleton (D:5)
  2 adder zombies
  3 worms
  7 leopard geckos
  67 orcs
  2 ball pythons
  6 giant cockroaches
  5 goblins
  12 hobgoblins
  11 jackals
  26 kobolds
  A quokka (D:4)
  A ball python skeleton (D:4)
  2 bats
  4 frilled lizards
  2 goblin zombies (D:5)
  A hobgoblin zombie (Ossuary)
  A jackal zombie (Ossuary)
  3 orc zombies (Ossuary)
  8 rats
  A rat zombie (Ossuary)
383 creatures vanquished.

Vanquished Creatures (others)
  41 fungi (D:8)
  45 plants (D:8)
86 creatures vanquished.

Grand Total: 469 creatures vanquished

Notes
Turn   | Place    | Note
-------+----------+-------------------------------------------
     0 | D:1      | Gerhazo the Draconian Conjurer began the quest for the Orb.
     0 | D:1      | Reached XP level 1. HP: 14/14 MP: 3/3
   603 | D:1      | Reached XP level 2. HP: 20/20 MP: 3/5
   607 | D:1      | Learned a level 2 spell: Searing Ray
  1570 | D:2      | Reached XP level 3. HP: 13/26 MP: 2/6
  1880 | D:4      | Found Juxy's Antique Weapon Emporium.
  1905 | D:4      | Reached skill level 5 in Conjurations
  1963 | D:4      | Noticed Edmund
  2031 | D:4      | Found Catireck's Jewellery Emporium.
  2047 | D:4      | Reached XP level 4. HP: 27/33 MP: 2/8
  2500 | D:4      | Found a runed translucent door.
  2501 | D:4      | Noticed Crazy Yiuf
  2508 | D:4      | Killed Crazy Yiuf
  2509 | D:4      | Reached XP level 5. HP: 37/38 MP: 3/9
  2604 | D:4      | Found a white marble altar of Elyvilon.
  2637 | D:4      | Found Negyem's Antique Weapon Shop.
  2831 | D:4      | Killed Edmund
  2832 | D:4      | Reached skill level 6 in Conjurations
  2832 | D:4      | Reached XP level 6. HP: 40/45 MP: 1/11
  3341 | D:5      | Entered Level 5 of the Dungeon
  3351 | D:5      | Reached skill level 7 in Conjurations
  3402 | D:5      | Your scales start taking on a rich purple colour.
  3402 | D:5      | Reached skill level 5 in Spellcasting
  3402 | D:5      | Reached XP level 7. HP: 50/50 MP: 4/14
  3475 | D:5      | Noticed Ijyb
  3485 | D:5      | Killed Ijyb
  3632 | D:5      | Reached skill level 8 in Conjurations
  3670 | D:5      | Found a sand-covered staircase.
  3677 | Ossuary  | Entered an ossuary
  4128 | D:5      | Reached XP level 8. HP: 57/57 MP: 12/17
  4455 | D:5      | Reached skill level 9 in Conjurations
  4518 | D:5      | Noticed Grinder
  4529 | D:5      | Killed Grinder
  4777 | D:5      | Noticed Duvessa
  4782 | D:5      | Killed Duvessa
  4783 | D:5      | Reached skill level 10 in Conjurations
  4783 | D:5      | Noticed Dowan
  4788 | D:5      | Killed Dowan
  5134 | D:6      | Learned a level 4 spell: Iskenderun's Mystic Blast
  5676 | D:6      | Reached XP level 9. HP: 62/62 MP: 16/20
  5916 | D:6      | Noticed Eustachio
  5930 | D:6      | Killed Eustachio
  6101 | D:7      | Found an iron altar of Okawaru.
  6170 | D:7      | Found a staircase to the Ecumenical Temple.
  6175 | Temple   | Entered the Ecumenical Temple
  6284 | Temple   | Became a worshipper of Vehumet
  6678 | D:7      | Found a shadowy altar of Dithmenos.
  6700 | D:7      | Reached skill level 1 in Fighting
  6700 | D:7      | Reached skill level 1 in Shields
  6700 | D:7      | Reached skill level 11 in Conjurations
  7037 | D:3      | Found a faded altar of an unknown god.
  7405 | D:2      | Noticed Natasha
  7408 | D:2      | Killed Natasha
  7518 | D:2      | Reached * piety under Vehumet
  7518 | D:2      | Offered knowledge of Foxfire by Vehumet.
  7567 | D:2      | Noticed Natasha
  7570 | D:2      | Killed Natasha
  7619 | D:2      | Noticed Jessica
  7623 | D:2      | Killed Jessica
  8033 | D:2      | Noticed Natasha
  8035 | D:2      | Found a shimmering blue altar of Sif Muna.
  8040 | D:2      | Killed Natasha
  8430 | D:3      | Noticed Sigmund
  8434 | D:3      | Killed Sigmund
  9459 | D:7      | Found a broken altar of Ashenzari.
  9963 | D:8      | Offered knowledge of Sandblast by Vehumet.
  9964 | D:8      | Reached ** piety under Vehumet
 10118 | D:8      | Reached XP level 10. HP: 77/77 MP: 13/22
 10120 | D:8      | Offered knowledge of Frozen Ramparts by Vehumet.
 10273 | D:8      | Reached *** piety under Vehumet
 10324 | D:8      | Found a staircase to the Lair.
 10350 | D:8      | Reached skill level 12 in Conjurations
 10405 | D:8      | Noticed Erica
 10440 | D:8      | Killed Erica
 10827 | D:8      | Found Etero's Book Boutique.
 10863 | D:8      | Offered knowledge of Conjure Flame by Vehumet.
 10869 | D:8      | Noticed Maurice
 10892 | D:8      | Killed Maurice
 11031 | D:8      | Found a snail-covered altar of Cheibriados.
 11031 | D:8      | Found a glowing silver altar of Zin.
 11683 | D:9      | Reached skill level 5 in Fighting
 11950 | D:10     | Entered Level 10 of the Dungeon
 12102 | D:10     | Reached **** piety under Vehumet
 12102 | D:10     | Noticed a two-headed ogre
 12109 | D:10     | Killed a two-headed ogre
 12110 | D:10     | Reached XP level 11. HP: 88/88 MP: 12/23
 13016 | D:11     | Offered knowledge of Fireball by Vehumet.
 13023 | D:11     | Learned a level 5 spell: Fireball
 13054 | D:11     | Found a roughly hewn altar of Beogh.
 13054 | D:11     | Found a staircase to the Orcish Mines.
 13116 | D:11     | Reached skill level 5 in Dodging
 13449 | D:11     | Reached skill level 5 in Fire Magic
 13635 | D:11     | Noticed a two-headed ogre
 13642 | D:11     | Killed a two-headed ogre
 13643 | D:11     | Reached skill level 13 in Conjurations
 13644 | D:11     | Reached ***** piety under Vehumet
 13648 | D:11     | Noticed a boulder beetle
 13875 | D:11     | Noticed a white ugly thing
 13898 | D:11     | Killed a white ugly thing
 14118 | D:11     | Noticed a two-headed ogre
 14128 | D:11     | Killed a two-headed ogre
 14322 | D:11     | Offered knowledge of Lee's Rapid Deconstruction by Vehumet.
 15403 | D:12     | Noticed Gastronok
 15404 | D:12     | Noticed Rupert
 15405 | D:12     | Noticed a two-headed ogre
 15477 | D:12     | Noticed a two-headed ogre
 15484 | D:12     | Killed a two-headed ogre
 15607 | D:12     | Killed Gastronok
 15808 | D:12     | Paralysed by Rupert for 3 turns
 15816 | D:12     | Paralysed by Rupert for 3 turns
 16002 | D:11     | Slain by Rupert

Illustrated notes

Levels and vault maps discovered:
D:1:      minmay_arrival_nine_rooms, layout_loops_ring
D:2:      layout_basic, general_overflow_altar, uniq_jessica, uniq_natasha
D:3:      layout_basic, chequers_ecumenical_altar_simple, uniq_sigmund
D:4:      layout_loops_corners, elyvilon_altar_3, serial_shops, shop,
          nicolae_shop_competitors_out_of_business,
          nicolae_shop_competitors_out_of_business, nicolae_underground_beach,
          uniq_crazy_yiuf_cottage, uniq_edmund
D:5:      layout_cave_pools, enter_ossuary_4, serial_gnoll_camp,
          gnoll_camp_mini_doghouse, gnoll_camp_mini_hut, gnoll_camp_mini_house,
          gnoll_camp_mini_sergeant, gnoll_camp_mini_house, gnoll_camp_mini_hut,
          hangedman_minor_gate_pass, uniq_grinder, uniq_duvessa, uniq_ijyb
D:6:      layout_cave_pods, uniq_eustachio
D:7:      layout_basic, okawaru_trees_1, nicolae_dithmenos_the_darkroom,
          lemuel_doored_altar, minmay_temple_entry_crystal_x
D:8:      layout_loops_cross, gammafunk_temple_overflow_wave,
          due_lair_maze_entry_diamond, serial_shops, nicolae_shop_statue_plus,
          special_room [special_room_orc], uniq_maurice, uniq_erica
D:9:      layout_cave_pools
D:10:     layout_roguey, serial_co_window_serial, co_window_paths_b,
          co_window_paths_b, co_window_of_opportunity_a,
          co_window_of_opportunity_a, co_window_paths_b,
          co_window_of_opportunity_a, co_window_broadway_b,
          co_window_of_opportunity_c, co_window_paths_c, co_window_broadway_c,
          glass_columns_a, glass_columns_b, glass_columns_a
D:11:     layout_loops_ring, david_orc_5, grunt_livestock
D:12:     layout_rooms, uniq_gastronok, uniq_rupert
Temple:   regret_index_temple_generic_petals

Skill      XL: |  1  2  3  4  5  6  7  8  9 10 11 |
---------------+----------------------------------+-----
Conjurations   | 5 6 7 8 10 11 12 13 | 13.6
Spellcasting   | 3 5 6 7 8 |  8.2
Dodging        | 3 4 6 |  6.0
Fighting       | 3 5 6 |  6.8
Shields        | 2 4 |  4.0
Fire Magic     | 4 7 |  7.1
Stealth        | |  1.7

Action                   |  1- 3 |  4- 6 |  7- 9 | 10-12 || total
-------------------------+-------+-------+-------+-------++-------
Melee: Mace              |    17 |       |       |       ||    17
       Dagger            |    13 |       |       |       ||    13
       Tailslap          |     2 |       |     3 |     3 ||     8
       Flail             |       |     2 |    24 |       ||    26
       Staff             |       |       |    13 |    22 ||    35
 Cast: Magic Dart        |    14 |       |       |       ||    14
       Searing Ray       |    13 |    15 |   141 |   107 ||   276
       Iskenderun's Myst |       |       |     6 |    25 ||    31
       Fireball          |       |       |       |    28 ||    28
 Abil: Breathe Dispellin |       |       |     3 |     4 ||     7
Evoke: Wand              |       |       |       |     5 ||     5
  Use: Scroll            |       |       |       |    14 ||    14
       Potion            |       |       |       |     2 ||     2
Armor: Skin              |    15 |    13 |    57 |    27 ||   112
Dodge: Dodged            |    26 |    31 |   132 |    52 ||   241
Block: Reflection        |       |       |     1 |     9 ||    10
       Other             |       |       |     1 |     2 ||     3
       Buckler           |       |       |       |    48 ||    48
